 Dungeon Crawl Stone Soup version 0.31-a0-121-g1e386dd289 (webtiles) character file.

Game seed: 9853138021363038609

247 Darkkill the Shooter (level 5, -9/46 HPs)
             Began as a Minotaur Hunter on May 31, 2023.
             Killed by divine providence
             ... invoked by an orc priest
              (13 damage)
             ... on level 3 of the Dungeon.
             The game lasted 00:03:24 (2382 turns).

Darkkill the Shooter (Minotaur Hunter)              Turns: 2382, Time: 00:03:24

Health: -9/46      AC:  4    Str: 15    XL:     5   Next: 85%
Magic:  4/4        EV: 13    Int:  6    God:
Gold:   121        SH:  0    Dex: 16    Spells: 4/4 levels left

rFire   . . .        a - +0 shortbow (freeze)
rCold   . . .        (shield currently unavailable)
rNeg    . . .        c - +1 leather armour
rPois   .            (helmet restricted)
rElec   .            (no cloak)
rCorr   .            (no gloves)
SInv    .            (no boots)
Will    .....        (no amulet)
Stlth   ++           (no ring)
HPRegen 0.27/turn    (no ring)
MPRegen 0.09/turn

%: no passive effects
@: no status effects
A: horns 2, retaliatory headbutt
a: no special abilities


You were on level 3 of the Dungeon.
You visited 1 branch of the dungeon, and saw 3 of its levels.

You collected 121 gold pieces.

Inventory:

Hand Weapons
 a - a +0 shortbow of freezing (weapon)
Missiles
 g - 13 stones
 i - 7 boomerangs
Armour
 c - a +1 leather armour (worn)
 n - a +0 pair of boots
Magical Staves
 d - a staff of poison
 m - a staff of earth
Scrolls
 b - a scroll of butterflies
 k - a scroll of immolation {unknown}
Potions
 e - 3 potions of brilliance
 h - a potion of lignification {unknown}
 j - a potion of attraction {unknown}
 l - a potion of haste {unknown}


   Skills:
 + Level 4.2 Fighting
 + Level 5.4 Ranged Weapons
 + Level 3.8 Dodging
 + Level 2.6 Stealth


You had 4 spell levels left.
You didn't know any spells.
Your spell library was empty.

Dungeon Overview and Level Annotations

Branches:
Dungeon (3/15)

Altars:
Sif Muna


Innate Abilities, Weirdness & Mutations

You have a pair of horns on your head.
You reflexively headbutt those who attack you in melee.


Message History

You kill the orc!
A ball python comes into view.
The adder barely misses you.
Your Fighting skill increases to level 4!
You shoot an arrow. The arrow misses the adder.
The arrow hits the adder.
The adder seems to slow down.
The arrow freezes the adder.
The adder is moderately wounded.
The adder completely misses you. You furiously retaliate!
You headbutt the adder!
You kill the adder!
An orc comes into view. It is wielding a +0 dagger.
You shoot an arrow. The arrow closely misses the adder.
The arrow hits the orc priest.
The arrow freezes the orc priest.
The orc priest is lightly wounded.
The adder is no longer moving slowly.
The adder closely misses you.
You shoot an arrow. The arrow completely misses the adder.
The arrow hits the orc priest but does no damage.
The orc priest is lightly wounded.
The adder bites you. The adder completely misses you.
You shoot an arrow. The arrow barely misses the adder.
The arrow barely misses the orc priest.
The adder bites you but does no damage.
An orc priest comes into view. It is wielding a +0 mace.
You shoot an arrow. The arrow closely misses the adder.
The arrow hits the orc priest but does no damage.
The orc priest is lightly wounded.
The adder bites you.
The orc priest mumbles some strange prayers to Beogh against you.
Beogh smites you!
* * * LOW HITPOINT WARNING * * *
The adder misses you.
You shoot an arrow. The arrow hits the adder.
The arrow freezes the adder.
The adder is severely wounded.
The adder bites you but does no damage. The adder bites you.
* * * LOW HITPOINT WARNING * * *
You shoot an arrow. The arrow closely misses the adder.
The arrow barely misses the orc priest.
The adder bites you.
* * * LOW HITPOINT WARNING * * *
You are lethally poisoned!
The adder poisons you!
You feel better. The adder barely misses you. You furiously retaliate!
You headbutt the adder. You shoot an arrow. The arrow closely misses the adder.
The arrow hits the orc.
The arrow freezes the orc.
You kill the orc!
The adder barely misses you. You furiously retaliate!
You headbutt the adder.
You kill the adder!
You shoot an arrow.
The arrow hits the orc priest but does no damage.
The orc priest is lightly wounded.
The orc priest hits you with a +0 flail.
* * * LOW HITPOINT WARNING * * *
You shoot an arrow.
The arrow hits the orc priest but does no damage.
The orc priest is lightly wounded.
The orc priest hits you with a +0 flail.
* * * LOW HITPOINT WARNING * * *
You shoot an arrow. The arrow hits the orc priest.
The arrow freezes the orc priest.
The orc priest is moderately wounded.
The orc priest barely misses you.
You shoot an arrow. The arrow hits the orc priest.
The arrow freezes the orc priest.
The orc priest is severely wounded.
The orc priest closely misses you.
You shoot an arrow.
The arrow hits the orc priest but does no damage.
The orc priest is severely wounded.
The orc priest barely misses you.
You shoot an arrow.
The arrow closely misses the orc priest.
The arrow completely misses the ball python.
The orc priest barely misses you. You furiously retaliate!
You headbutt the orc priest.
The orc priest hits you but does no damage.
You shoot an arrow. The arrow barely misses the orc priest.
The arrow hits the ball python but does no damage.
The orc priest looks satisfied for a moment.
The orc priest begins to cast a cantrip, but forgets the words!
You shoot an arrow. The arrow hits the orc priest.
The arrow freezes the orc priest.
You kill the orc priest!
The orc priest looks satisfied for a moment.
The ball python closely misses you. The ball python grabs you.
The ball python constricts you.
You shoot an arrow. The arrow hits the ball python!
The ball python seems to slow down.
The arrow freezes the ball python.
You kill the ball python!
You shoot an arrow. The arrow hits the orc priest.
The arrow freezes the orc priest.
The orc priest is moderately wounded.
The orc priest hits you with a +0 mace.
* * * LOW HITPOINT WARNING * * *
You shoot an arrow.
The arrow closely misses the orc priest.
The orc priest hits you with a +0 mace.
* * * LOW HITPOINT WARNING * * *
You shoot an arrow. The arrow barely misses the orc priest.
The orc priest invokes the aid of Beogh against you.
Beogh smites you!
You die...

# #.#...## #
.#.#... # # #
.. # ... #
.... .....
########(.....
#.....@o).....
#.######...!..
#.# .....
#########.#
....
#.........#
...
#.######### ..
###.# # ....#
###.#


You could see an orc priest.

Vanquished Creatures
  An orc priest (D:3)
  Natasha (thrice) (D:2)
  Terence (D:2)
  A gnoll (D:1)
  3 adders
  A worm (D:2)
  A dart slug (D:3)
  7 orcs (D:3)
  4 bats
  12 endoplasms
  10 giant cockroaches
  5 goblins
  4 hobgoblins
  2 quokkas
  4 ball pythons
  2 frilled lizards
  3 kobolds
  3 rats
67 creatures vanquished.

Notes
Turn   | Place    | Note
-------+----------+-------------------------------------------
     0 | D:1      | Darkkill the Minotaur Hunter began the quest for the Orb.
     0 | D:1      | Reached XP level 1. HP: 18/18 MP: 0/0
    85 | D:1      | Found a faded altar of an unknown god.
   203 | D:1      | Reached skill level 1 in Stealth
   275 | D:1      | Reached XP level 2. HP: 25/25 MP: 1/1
   326 | D:1      | Prayed at the altar of an unknown god.
   326 | D:1      | Became a worshipper of Sif Muna the Loreminder
   326 | D:1      | Reached * piety under Sif Muna
   327 | D:1      | Fell from the grace of Sif Muna
   736 | D:1      | Reached XP level 3. HP: 31/31 MP: 2/2
  1210 | D:2      | Noticed Natasha
  1216 | D:2      | Killed Natasha
  1219 | D:2      | Noticed Natasha
  1229 | D:2      | Killed Natasha
  1230 | D:2      | Reached skill level 5 in Ranged Weapons
  1230 | D:2      | Reached XP level 4. HP: 10/38 MP: 3/3
  1362 | D:2      | Noticed Natasha
  1526 | D:2      | Killed Natasha
  1527 | D:2      | Reached XP level 5. HP: 10/46 MP: 4/4
  1739 | D:2      | Noticed Terence
  1748 | D:2      | Killed Terence
  2366 | D:3      | HP: 7/46 [orc priest/divine providence (16)]
  2368 | D:3      | HP: 3/46 [adder (1)]
  2380 | D:3      | HP: 6/46 [orc priest/+0 mace (5)]
  2382 | D:3      | Killed from afar by an orc priest

Illustrated notes

Levels and vault maps discovered:
D:1:      amcnicky_arrival_gap_in_the_tavern_cellar, layout_basic,
          shapermc_ecumenical_altar_notcrosses
D:2:      layout_basic, minmay_worlds_worst_comb, uniq_natasha, uniq_terence
D:3:      gammafunk_wand_slinger, layout_basic

Skill      XL: |  1  2  3  4  5 |
---------------+----------------+-----
Stealth        | 1 2 |  2.6
Fighting       | 3 4 |  4.2
Dodging        | 3 |  3.8
Ranged Weapons | 5 |  5.4

Action                     |  1- 3 |  4- 6 || total
---------------------------+-------+-------++-------
   Fire: Shortbow          |    99 |   102 ||   201
 Invoke: Renounce Religion |     1 |       ||     1
    Use: Scroll            |     4 |     2 ||     6
         Potion            |       |     1 ||     1
 Armour: Leather armour    |     7 |    15 ||    22
  Dodge: Dodged            |    26 |    53 ||    79

Table legend: (Time is in decaauts)
 A = Elapsed time spent in this place.
 B = Non-inter-level travel time spent in this place.
 C = Inter-level travel time spent in this place.
 D = Time resting spent in this place.
 E = Time spent auto-exploring this place.
 F = Levels seen in this place.
 G = Mean time per level.
                   A        B        C        D        E       F      G
               +--------+--------+--------+--------+--------+-----+--------+
         Total |   2431 |   2334 |     97 |      0 |   1974 |   3 |  810.3 |
       Dungeon |   2431 |   2334 |     97 |      0 |   1974 |   3 |  810.3 |
               +--------+--------+--------+--------+--------+-----+--------+

Top non-repeatable levels by time:
     D:1: 1191 daAuts
     D:2: 818 daAuts
     D:3: 421 daAuts

Levels and vault maps discovered:
D:1:      amcnicky_arrival_gap_in_the_tavern_cellar, layout_basic,
          shapermc_ecumenical_altar_notcrosses
D:2:      layout_basic, minmay_worlds_worst_comb, uniq_natasha, uniq_terence
D:3:      gammafunk_wand_slinger, layout_basic

Table legend: (Time is in decaauts)
 A = Elapsed time spent in this place.
 B = Non-inter-level travel time spent in this place.
 C = Inter-level travel time spent in this place.
 D = Time resting spent in this place.
 E = Time spent auto-exploring this place.
 F = Levels seen in this place.
 G = Mean time per level.
                   A        B        C        D        E       F      G
               +--------+--------+--------+--------+--------+-----+--------+
         Total |   2431 |   2334 |     97 |      0 |   1974 |   3 |  810.3 |
       Dungeon |   2431 |   2334 |     97 |      0 |   1974 |   3 |  810.3 |
               +--------+--------+--------+--------+--------+-----+--------+

Top non-repeatable levels by time:
     D:1: 1191 daAuts
     D:2: 818 daAuts
     D:3: 421 daAuts

Table legend:
 A = Kills in this place as a percentage of kills in the entire game.
 B = Kills by you in this place as a percentage of kills by you in the entire game.
 C = Kills by friends in this place as a percentage of kills by friends in the entire game.
 D = Other kills in this place as a percentage of other kills in the entire game.
 E = Experience gained in this place as a percentage of experience gained in the entire game.
 F = Experience gained in this place divided by the number of levels of this place that you have seen.
                   A       B       C       D       E      F
               +-------+-------+-------+-------+-------+----------------------
         Total | 100.0 | 100.0 |   N/A |   N/A | 100.0 | 118.0
       Dungeon | 100.0 | 100.0 |   N/A |   N/A | 100.0 | 118.0
               +-------+-------+-------+-------+-------+----------------------
